 Dungeon Crawl Stone Soup version 0.30-a0-918-g0ff054e9dc (webtiles) character file.

Game seed: 14616097590248612417

50 lunkers the Digger (level 4, 0/33 HPs)
             Began as a Meteoran Earth Elementalist on Mar 20, 2023.
             Slain by a gnoll sergeant
             ... wielding a +1 vampiric spear
              (8 damage)
             ... on level 4 of the Dungeon.
             The game lasted 00:01:45 (1402 turns).

lunkers the Digger (Meteoran Earth Elementalist)    Turns: 1402, Time: 00:01:45

Health: 0/33       AC:  3    Str:  9    XL:     4   Next: 24%
Magic:  6/10       EV: 12    Int: 18    God:
Gold:   103        SH:  0    Dex: 15    Spells: 9/10 levels left

rFire   . . .      SeeInvis +    (no weapon)
rCold   . . .      Faith    .    (no shield)
rNeg    . . .      Spirit   .    a - +0 robe
rPois   .          Reflect  .    (no helmet)
rElec   .          Rampage  .    (no cloak)
rCorr   .                        k - +0 pair of gloves
Will    .....                    (no boots)
Stlth   +                        (no amulet)
HPRegen 0.25/turn                n - ring of see invisible
MPRegen 0.12/turn                (no ring)

@: glowing
A: sense surroundings 1, otherworldly, glowing, explore regen
a: no special abilities


You were on level 4 of the Dungeon.
You visited 1 branch of the dungeon, and saw 4 of its levels.

You collected 103 gold pieces.

Inventory:

Armour
 a - a +0 robe (worn)
 k - a +0 pair of gloves (worn)
Jewellery
 n - a ring of see invisible (left hand)
Wands
 i - a wand of flame (18)
Scrolls
 c - a scroll of enchant weapon {unknown}
 e - a scroll of silence {unknown}
 f - a scroll of acquirement {unknown}
 h - 5 scrolls of identify {unknown}
 l - 2 scrolls of vulnerability {unknown}
 m - 2 scrolls of enchant armour {unknown}
 o - a scroll of summoning {unknown}
 q - 2 scrolls of fear {unknown}
 r - a scroll of immolation {unknown}
 s - a scroll of noise {unknown}
 u - a scroll of teleportation {unknown}
Potions
 b - a potion of magic
 d - a potion of curing {unknown}
 g - 2 potions of lignification {unknown}
 j - a potion of cancellation {unknown}
 p - a potion of haste {unknown}
 t - a potion of degeneration {unknown}
 v - a potion of heal wounds {unknown}


   Skills:
 - Level 2.4 Dodging
 - Level 1.4 Stealth
 + Level 3.5 Spellcasting
 - Level 1.2 Transmutations
 * Level 5.0 Earth Magic


You had 9 spell levels left.
You knew the following spells:

 Your Spells              Type           Power      Damage    Failure   Level
a - Sandblast             Erth           42%        2d11      1%          1

Your spell library contained the following spells:

 Spells                   Type           Power      Damage    Failure   Level
 Passwall                 Tmut/Erth      11%        N/A       6%          2
 Stone Arrow              Conj/Erth      24%        3d8       16%         3
 Ensorcelled Hibernation  Hex/Ice        6%         N/A       24%         2
 Spider Form              Tmut/Pois      5%         N/A       34%         3
 Petrify                  Tmut/Erth      14%        N/A       38%         4
 Tukima's Dance           Hex            3%         N/A       43%         3
 Anguish                  Hex/Necr       1%         N/A       83%         4
 Passage of Golubria      Tloc           3%         N/A       83%         4
 Yara's Violent Unravell  Hex/Tmut       2%         3d3       97%         5


Dungeon Overview and Level Annotations

Branches:
Dungeon (4/15) Zot: 971
 Temple: D:4-7

Altars:

Annotations:
D:3 2 transporters


Innate Abilities, Weirdness & Mutations

You passively map a small area around you.
You are easily found by Zot.
You glow in the dark.
You regain HP and MP as you explore.


Message History

Confirm with . or Enter, or press ? or * to list all spells.
You miscast Sandblast.
You are very lightly contaminated with residual magic.
Nothing appears to happen.
A gnoll comes into view. It is wielding a +0 flail.
There are monsters nearby!
Casting: Sandblast (safe; 1% risk of failure)
Confirm with . or Enter, or press ? or * to list all spells.
The blast of sand hits the gnoll sergeant but does no damage.
A gnoll comes into view. It is wielding a +0 spear.
The gnoll sergeant hits you from afar with a +1 vampiric spear!
The gnoll moves out of view.
Casting: Sandblast (safe; 1% risk of failure)
Confirm with . or Enter, or press ? or * to list all spells.
The blast of sand hits the gnoll sergeant but does no damage.
The gnoll sergeant completely misses you.
A gnoll comes into view. It is wielding a +0 flail.
The gnoll shouts!
You hear a shout!
A gnoll comes into view. It is wielding a +0 whip.
The gnoll moves out of view.
The gnoll shouts!
Your magical contamination has completely faded away.
The gnoll shouts!
Aiming: Sandblast (safe; 1% risk of failure)
Press: ? - help, Q - select action, (/) - cycle Shift-Dir - straight line, f/p - gnoll sergeant
Aim: a gnoll sergeant, wielding a +1 vampiric spear and wearing a +0 ring mail (87% to hit)
The blast of sand hits the gnoll sergeant but does no damage.
The gnoll sergeant hits you from afar with a +1 vampiric spear!
* * * LOW HITPOINT WARNING * * *
A gnoll comes into view. It is wielding a +0 whip.
The gnoll hits you with a +0 whip!
* * * LOW HITPOINT WARNING * * *
The gnoll sergeant barely misses you.
Aiming: Sandblast (safe; 1% risk of failure)
Press: ? - help, Q - select action, (/) - cycle Shift-Dir - straight line, f/p - gnoll sergeant
Aim: a gnoll sergeant, wielding a +1 vampiric spear and wearing a +0 ring mail (87% to hit)
The blast of sand hits the gnoll.
The gnoll is moderately wounded.
The gnoll sergeant hits you from afar with a +1 vampiric spear!
You die...

* , .... , , , , .... ,
, ,, #...##### *
,,..g....### ..... #
.......### ...... ,
...#####g..#...##..<...,
,
,.....!.....##..........
#.......gg@..........
####....g##.......... *
###....#....>.....# , *
..................# , ,
,####.........##...#
*####.........#* ...
.............# ... , , *
* ####.........##....
#..........[....


You could see a gnoll sergeant and 4 gnolls.

Vanquished Creatures
  A worm (D:2)
  A ball python (D:2)
  7 endoplasms
  2 giant cockroaches (D:1)
  4 goblins
  2 hobgoblins (D:3)
  3 jackals (D:2)
  7 kobolds
  4 quokkas
  3 bats
  A frilled lizard (D:1)
  3 rats
38 creatures vanquished.

Notes
Turn   | Place    | Note
-------+----------+-------------------------------------------
     0 | D:1      | lunkers the Meteoran Earth Elementalist began the quest for
                  | the Orb.
     0 | D:1      | Reached XP level 1. HP: 14/14 MP: 5/5
    46 | D:1      | Reached XP level 2. HP: 20/20 MP: 2/6
   114 | D:1      | Reached skill level 4 in Earth Magic
   331 | D:1      | Found a faded altar of an unknown god.
   493 | D:1      | Glimpsed the power of Zot.
   539 | D:2      | Reached XP level 3. HP: 26/26 MP: 4/8
   979 | D:3      | Reached XP level 4. HP: 33/33 MP: 7/10
  1070 | D:3      | Reached skill level 5 in Earth Magic
  1132 | D:3      | Found a transporter.
  1326 | D:3      | Found a transporter.
  1391 | D:4      | Noticed a gnoll sergeant
  1402 | D:4      | Slain by a gnoll sergeant

Illustrated notes

Levels and vault maps discovered:
D:1:      dpeg_arrival_stonehenge_8_columns, layout_basic,
          basic_ecumenical_altar, minivault_26
D:2:      layout_basic, serial_co_window_serial, co_window_corner_a,
          co_window_corner_a, co_window_cross_1, co_window_paths_a,
          co_window_paths_a, co_window_paths_a, co_window_paths_a,
          co_window_unsneaky_path_d, co_window_unsneaky_path_d,
          co_window_corner_b, glass_columns_a, glass_columns_c, glass_columns_b,
          glass_columns_b
D:3:      gammafunk_steamed_eel, layout_basic, grunt_ministairs_8,
          roderic_filled_cross
D:4:      layout_rooms

Skill      XL: |  1  2  3  4 |
---------------+-------------+-----
Earth Magic    | 4 5 |  5.0
Spellcasting   | 3 |  3.5
Dodging        | |  2.4
Stealth        | |  1.4
Transmutations | |  1.2

Action                     |  1- 3 |  4- 6 || total
---------------------------+-------+-------++-------
   Cast: Sandblast         |    41 |    13 ||    54
 Armour: Robe              |     6 |       ||     6
  Dodge: Dodged            |    15 |     2 ||    17

Table legend: (Time is in decaauts)
 A = Elapsed time spent in this place.
 B = Non-inter-level travel time spent in this place.
 C = Inter-level travel time spent in this place.
 D = Time resting spent in this place.
 E = Time spent auto-exploring this place.
 F = Levels seen in this place.
 G = Mean time per level.
                   A        B        C        D        E       F      G
               +--------+--------+--------+--------+--------+-----+--------+
         Total |   1427 |   1306 |    121 |      0 |   1074 |   4 |  356.8 |
       Dungeon |   1427 |   1306 |    121 |      0 |   1074 |   4 |  356.8 |
               +--------+--------+--------+--------+--------+-----+--------+

Top non-repeatable levels by time:
     D:1: 526 daAuts
     D:2: 467 daAuts
     D:3: 385 daAuts
     D:4: 47 daAuts
